 Dungeon Crawl Stone Soup version 0.31-a0-746-ge8284cb111 (webtiles) character file.

Game seed: 8005953395557685679

2742 Ijustatesigmund the Thaumaturge (level 9, -1/50 HPs)
             Began as a Deep Elf Fire Elementalist on Sept 14, 2023.
             Killed from afar by a raiju (13 damage)
             ... with a living lightning
             ... on level 7 of the Dungeon.
             The game lasted 00:12:39 (6501 turns).

Ijustatesigmund the Thaumaturge (DEFE)              Turns: 6501, Time: 00:12:40

Health: -1/50      AC:  8    Str:  5    XL:     9   Next: 41%
Magic:  20/24      EV: 12    Int: 25    God:
Gold:   304        SH:  5    Dex: 15    Spells: 13/26 levels left

rFire   . . .        i - +3 short sword (vamp)
rCold   . . .        (no shield)
rNeg    + . .        a - +1 robe {Will+}
rPois   .            (no helmet)
rElec   .            (no cloak)
rCorr   .            m - +0 pair of gloves
SInv    .            (no boots)
Will    +....        r - amulet of reflection
Stlth   ++           j - +4 ring of protection
HPRegen 0.28/turn    q - ring of positive energy
MPRegen 0.19/turn

%: reflection
@: no status effects
A: no striking features
a: no special abilities


You were on level 7 of the Dungeon.
You visited 2 branches of the dungeon, and saw 8 of its levels.
You also visited: Sewer.

You collected 304 gold pieces.

Inventory:

Hand Weapons
 d - a +0 rapier
 i - a +3 vampiric short sword (weapon)
 n - a +4 flail of venom
Armour
 a - a +1 robe of willpower (worn)
 c - a +0 troll leather armour {Pargi}
 m - a +0 pair of gloves (worn)
Jewellery
 j - a +4 ring of protection (left hand)
 q - a ring of positive energy (right hand)
 r - an amulet of reflection (around neck)
Wands
 h - a wand of paralysis (5)
Scrolls
 o - 2 scrolls of brand weapon
 p - a scroll of vulnerability
 s - a scroll of revelation {unknown}
Potions
 b - a potion of heal wounds {unknown}
 e - a potion of lignification {unknown}
 f - 2 potions of haste {unknown}
 g - 3 potions of magic
 k - 3 potions of might
 l - a potion of attraction {unknown}


   Skills:
 + Level 3.1 Fighting
 - Level 4.8 Short Blades
 - Level 2.4 Dodging
 - Level 2.4 Stealth
 + Level 9.0 Spellcasting
 + Level 7.1 Conjurations
 + Level 7.8 Fire Magic


You had 13 spell levels left.
You knew the following spells:

 Your Spells              Type           Power      Damage    Failure   Level
a - Foxfire               Conj/Fire      100%       2x1d9     1%          1
b - Scorch                Fire           100%       2d9       1%          2
c - Flame Wave            Conj/Fire      48%        2d12      2%          4
d - Starburst             Conj/Fire      24%        6d8       36%         6

Your spell library contained the following spells:

 Spells                   Type           Power      Damage    Failure   Level
 Shock                    Conj/Air       100%       1d9       1%          1
 Inner Flame              Hex/Fire       30%        N/A       3%          3
 Volatile Blastmotes      Fire/Tloc      60%        2d15      3%          3
 Apportation              Tloc           22%        N/A       5%          1
 Jinxbite                 Hex            22%        N/A       9%          2
 Iskenderun's Mystic Bla  Conj/Tloc      29%        2d7       13%         4
 Swiftness                Air            11%        N/A       16%         3
 Tukima's Dance           Hex            11%        N/A       16%         3
 Airstrike                Air            5%         2d(1-17)  47%         4
 Dimensional Bullseye     Hex/Tloc       5%         N/A       47%         4
 Alistair's Intoxication  Tmut/Pois      7%         N/A       83%         5
 Plasma Beam              Fire/Air       15%        2x1d26    86%         6


Dungeon Overview and Level Annotations

Branches:
Dungeon (7/15)             Temple (1/1) D:6           Sewer (visited)

Altars:
Ashenzari
Elyvilon
Fedhas
Hepliaklqana
Makhleb
Nemelex Xobeh
Okawaru
Qazlal
Ru
Sif Muna
Trog
Uskayaw
Wu Jian
Xom
Yredelemnul
Zin
The Shining One

Annotations:
D:4 Duvessa


Message History

The electric eel is engulfed in a cloud of scalding steam.
The foxfire hits the electric eel.
The electric eel is severely wounded.
Casting: Foxfire (safe; 1% risk of failure)
Confirm with . or Enter, or press ? or * to list all spells.
You conjure some foxfire!
The foxfire hits the electric eel.
The electric eel is severely wounded.
The electric eel is engulfed in a cloud of scalding steam.
You kill the electric eel!
You start resting.
Your foxfire dissipates! x2
You start resting.
A raiju comes into view.
Casting: Foxfire (safe; 1% risk of failure)
Confirm with . or Enter, or press ? or * to list all spells.
You conjure some foxfire!
The raiju barks!
The raiju bursts into living lightning!
The living lightning hits your foxfire!! x2
The living lightning misses you.
The raiju blinks!
Casting: Foxfire (safe; 1% risk of failure)
Confirm with . or Enter, or press ? or * to list all spells.
You conjure some foxfire!
The raiju bites you. The raiju shocks you!
Your foxfire dissipates!
The foxfire hits the raiju!
The raiju is lightly wounded.
The foxfire hits the raiju.
The raiju is moderately wounded.
An electric eel comes into view.
You block the raiju's attack.
Casting: Foxfire (safe; 1% risk of failure)
Confirm with . or Enter, or press ? or * to list all spells.
You conjure some foxfire!
The electric eel shoots out a bolt of lightning at you!
The bolt of electricity hits your foxfire!
The bolt of electricity hits you!
* * * LOW HITPOINT WARNING * * *
The raiju bursts into living lightning!
The living lightning hits you!
You die...

###.#### .......#
.##.##.# .##.##.## ####
.##.....# ##≈≈≈≈
.##>....##########≈≈~$.S
...............#≈~~../..
.^......#####.##~.......
####.##.# #.÷h@v)..≈≈.
####.# ##...v.~~≈≈~ #.#
#...~~~#### #.# ###~≈###
#.# #### #.# ##.#


You could see a raiju (ally target) and an electric eel (ally target).

Vanquished Creatures
  Pikel (D:5)
  A raiju (D:7)
  Sigmund (D:5)
  2 wyverns
  Eustachio (D:6)
  2 ice beasts
  A sky beast (D:7)
  A black bear (D:7)
  Pargi (Sewer)
  A centaur (D:6)
  A lemure (D:5)
  A kobold brigand (D:6)
  A bullfrog (D:6)
  5 scorpions
  2 electric eels (D:7)
  An orc priest (D:6)
  4 hounds
  A jelly (D:4)
  A sleepcap (D:6)
  4 iguanas
  Terence (D:3)
  3 gnolls (D:7)
  6 adders
  3 ufetubi
  4 worms
  4 dart slugs
  2 orcs (D:4)
  4 bats
  11 endoplasms
  3 giant cockroaches
  8 goblins
  8 hobgoblins
  3 quokkas
  9 ball pythons
  2 frilled lizards
  13 kobolds
  5 rats
122 creatures vanquished.

Vanquished Creatures (others)
  256 foxfires
256 creatures vanquished.

Grand Total: 378 creatures vanquished

Notes
Turn   | Place    | Note
-------+----------+-------------------------------------------
     0 | D:1      | Ijustatesigmund the Deep Elf Fire Elementalist began the
                  | quest for the Orb.
     0 | D:1      | Reached XP level 1. HP: 10/10 MP: 6/6
    98 | D:1      | Reached XP level 2. HP: 13/16 MP: 2/8
   103 | D:1      | Learned a level 2 spell: Scorch
   584 | D:1      | Reached XP level 3. HP: 20/20 MP: 6/10
   917 | D:2      | Reached skill level 1 in Fighting
  1376 | D:2      | Found a faded altar of an unknown god.
  1454 | D:2      | Reached XP level 4. HP: 25/25 MP: 4/11
  1513 | D:2      | Learned a level 4 spell: Flame Wave
  1896 | D:3      | Reached skill level 4 in Spellcasting
  2011 | D:3      | Noticed Terence
  2017 | D:3      | Killed Terence
  2851 | D:4      | Noticed a scorpion
  2860 | D:4      | Killed a scorpion
  2861 | D:4      | Reached XP level 5. HP: 16/30 MP: 5/13
  2947 | D:4      | Found a glowing drain.
  2966 | Sewer    | Entered a sewer
  3099 | Sewer    | Noticed Pargi
  3105 | Sewer    | Killed Pargi
  3106 | Sewer    | Reached skill level 1 in Short Blades
  3106 | Sewer    | Reached skill level 5 in Spellcasting
  3106 | Sewer    | Reached XP level 6. HP: 31/35 MP: 2/15
  3424 | D:4      | Found an iron altar of Okawaru.
  3472 | D:4      | Noticed Duvessa
  3491 | D:5      | Entered Level 5 of the Dungeon
  3533 | D:5      | Noticed Sigmund
  3539 | D:5      | Noticed an ice beast
  3654 | D:5      | Killed Sigmund
  3655 | D:5      | Reached skill level 5 in Fire Magic
  3655 | D:5      | Reached XP level 7. HP: 29/40 MP: 6/17
  3667 | D:5      | Reached skill level 6 in Spellcasting
  3775 | D:5      | Noticed Pikel
  3780 | D:5      | Killed Pikel
  3781 | D:5      | Reached skill level 7 in Spellcasting
  3781 | D:5      | Reached skill level 5 in Conjurations
  3781 | D:5      | Reached XP level 8. HP: 13/44 MP: 7/20
  4568 | D:6      | Found a staircase to the Ecumenical Temple.
  4605 | D:6      | Noticed Eustachio
  4621 | D:6      | Killed Eustachio
  4622 | D:6      | Reached skill level 8 in Spellcasting
  5464 | D:6      | Reached XP level 9. HP: 47/48 MP: 14/23
  5805 | Temple   | Entered the Ecumenical Temple
  6087 | D:7      | Learned a level 6 spell: Starburst
  6300 | D:7      | Reached skill level 9 in Spellcasting
  6501 | D:7      | Killed from afar by a raiju

Illustrated notes

Levels and vault maps discovered:
D:1:      dpeg_arrival_solitude, layout_rooms
D:2:      layout_basic, hellmonk_ecumenical_altar_zigzags
D:3:      layout_loops_corners, minivault_5, st_stairs_6,
          dreamdust_princess_corridor, uniq_terence
D:4:      cheibrodos_greedy_goblins, layout_rooms, mainiacjoe_overflow_catwalk,
          gammafunk_temple_overflow_forgotten, cheibrodos_sewer_entry_sluice,
          uniq_duvessa
D:5:      layout_rooms, uniq_pikel, uniq_sigmund
D:6:      layout_basic, minmay_temple_entry_proselytizer, uniq_eustachio
D:7:      layout_loops_corners, nicolae_have_a_lightning_rod, uniq_jeremiah
Temple:   kb_temple_of_zot

Skill      XL: |  1  2  3  4  5  6  7  8  9 |
---------------+----------------------------+-----
Fighting       | 1 2 3 |  3.1
Conjurations   | 2 3 4 5 6 7 |  7.1
Spellcasting   | 4 5 7 8 9 |  9.0
Fire Magic     | 4 5 6 7 |  7.8
Short Blades   | 1 2 3 4 |  4.8
Dodging        | |  2.4
Stealth        | |  2.4

Action                     |  1- 3 |  4- 6 |  7- 9 || total
---------------------------+-------+-------+-------++-------
  Melee: Short sword       |    10 |    10 |    12 ||    32
   Cast: Foxfire           |    59 |    48 |    46 ||   153
         Scorch            |    18 |    27 |    29 ||    74
         Flame Wave        |       |     2 |     6 ||     8
    Use: Potion            |     2 |     1 |       ||     3
         Scroll            |       |     8 |     3 ||    11
   Stab: Invisible         |       |       |     1 ||     1
 Armour: Robe              |    19 |    28 |    51 ||    98
  Dodge: Dodged            |    25 |    28 |    45 ||    98
  Block: Other             |       |       |     1 ||     1

Table legend: (Time is in decaauts)
 A = Elapsed time spent in this place.
 B = Non-inter-level travel time spent in this place.
 C = Inter-level travel time spent in this place.
 D = Time resting spent in this place.
 E = Time spent auto-exploring this place.
 F = Levels seen in this place.
 G = Mean time per level.
                   A        B        C        D        E       F      G
               +--------+--------+--------+--------+--------+-----+--------+
         Total |   6498 |   6360 |    138 |   1097 |   4300 |   9 |  722.0 |
       Dungeon |   6117 |   5981 |    136 |    936 |   4149 |   7 |  873.9 |
        Temple |      1 |      0 |      1 |      0 |      0 |   1 |    1.0 |
         Sewer |    378 |    378 |      0 |    161 |    151 |   1 |  378.0 |
               +--------+--------+--------+--------+--------+-----+--------+

Top non-repeatable levels by time:
     D:6: 1447 daAuts
     D:3: 1182 daAuts
     D:1: 869 daAuts
     D:2: 747 daAuts
     D:7: 677 daAuts
     D:5: 667 daAuts
     D:4: 526 daAuts
   Sewer: 378 daAuts
  Temple: 1 daAuts
